crazy, neutral female human Monk --- --- --- ---- --- --..--..| --------.-- ---..-- --.--- |.......- |...+.....| --.....-- |....| |......<. ----.........-- |.......| |....| ---...--- |.............| |......-- --...| -.%.| |.............---.|....| |...-- -.%..-- |.--........)...%----..--- ---..-- |......| ----- |...---.......-- |....| --..-- --- --......------- |...--------.-- ---......| ---..| -...----.-- |..>.......).......| --...........| --.....| ---- --......|....-- |...........------.--------).......----------....-------------............*| |...^.................+([[).....................^%.......*................-- ...........--------..-------....[-----------.|.....-------------.|......- |....---..--- --(..| |.....| ----.|..--- ----....-- |....| ---- --...[--- |.....- ----...| ---..| -.I.. |.....(.-- -----.. --...| --- ... --.--..).--- |..--- -.- ---|......| ---- |......| --.|..-- ------ crazy the Initiate Experience level: 6 Strength: 18 Dexterity: 14 Constitution: 14 Intelligence: 10 Wisdom: 14 Charisma: 8 Health: 0(51) Energy: 39(39) Def: 6 Gold: 78 Moves: 998 Dungeon seed: 4U236rXs7jERa1d_ Game ID: crazy_1450196009 Your Inventory: Coins $ - 78 gold pieces Weapons k - a +0 orcish dagger y - 13 +0 arrows z - a +0 bow A - a +0 crossbow B - 6 cursed -1 crossbow bolts D - a +0 flail Armor e - an uncursed +2 pair of leather gloves (being worn) n - an uncursed +1 robe (being worn) Comestibles d - 3 uncursed food rations f - 6 uncursed apples g - 5 uncursed oranges h - 4 uncursed fortune cookies Scrolls b - an uncursed scroll of water m - an uncursed scroll of teleportation p - a blessed scroll of magic mapping s - an uncursed scroll of scare monster t - an uncursed scroll of identify E - an uncursed scroll of create monster Spellbooks a - a blessed spellbook of healing Potions c - 4 uncursed potions of healing l - a cursed potion of healing o - a cursed potion of monster detection w - an uncursed potion of blindness x - a cursed potion of extra healing F - an uncursed potion of paralysis G - an uncursed potion of sickness H - a blessed potion of paralysis Wands i - a wand of enlightenment (0:3) v - a wand of probing (0:6) Tools j - a magic marker (0:94) u - an uncursed magic whistle C - an uncursed tallow candle (0:200) Gems q - an uncursed worthless piece of yellow glass r - 2 uncursed worthless pieces of yellowish brown glass N - 2 uncursed worthless pieces of red glass Spells and supernatural/magical abilities: Name Level Category Fail Memory h - healing 1 healing 0% 96% W - pray for help -- divine ? -- Your skills at the end: Miscellaneous Skills martial arts [Basic] wands [Basic] Weapon Skills Spellcasting Skills healing spells [Basic] Final Attributes: You were devoutly aligned. You were sleep resistant. You were poison resistant. You saw invisible. You were stealthy. You were fast. You are dead. Vanquished creatures: a gnome king 6 Uruk-hai a yellow light 5 gnome lords a gnomish wizard a golden naga hatchling 4 dwarves 2 geckos 13 gnomes a jackal a fox 2 goblins 2 grid bugs 40 creatures vanquished. Voluntary challenges: You went without food. You did not adorn yourself with jewelry or accessories. You were an atheist. You never hit with a wielded weapon. You did not use tools. You were illiterate. You never genocided any monsters. You never polymorphed an object. You never changed form. You used no wishes. You never split a pudding. You never wrote Elbereth's name. You never violated your personal moral code. Dungeon overview: The Dungeons of Doom: levels 1 to 3 Level 1 a long staircase Level 2 Level 3 stairs to The Gnomish Mines The Gnomish Mines: levels 4 to 5 Level 4 stairs to The Dungeons of Doom Level 5 <- You were here History has recorded: On T:1 you entered the Dungeons of Doom to retrieve the Amulet of Yendor! On T:54 you reached level 2 of The Dungeons of Doom. On T:175 you reached level 3 of The Dungeons of Doom. On T:228 you reached level 1 of The Gnomish Mines. On T:332 you advanced to experience level 2. On T:334 you advanced to experience level 3. On T:360 you advanced to experience level 4. On T:482 you reached level 2 of The Gnomish Mines. On T:526 you advanced to experience level 5. On T:600 you advanced to experience level 6. Score breakdown: Gold: 78 ( 7 points) Experience: 6 levels ( 500 points) Exploration: 5 levels ( 120 points) Discoveries: 2 items ( 100 points) Variety of kills: 13 monsters ( 650 points) Major goal: (nothing yet) ( 0 points) Survival: died (score multiplied by 3) Total score: 4131 Latest messages: You faint from lack of food. Something bites! (6x) You die... Final status: Goodbye crazy the Monk, killed by a dingo, while fainted from lack of food... You died in The Gnomish Mines on dungeon level 5 with 4131 points, and 78 pieces of gold, after 998 moves. You were level 6 with a maximum of 51 hit points when you died.